 Dungeon Crawl Stone Soup version 0.32-a0-314-g526f7d4993 (webtiles) character file.

Game seed: 4566468044560143506

10906 IdlyInterested the Slicer (level 11, -3/81 HPs)
             Began as a Demonspawn Fighter on Feb 15, 2024.
             Slain by a five-headed hydra (10 damage)
             ... on level 9 of the Dungeon.
             The game lasted 00:43:57 (8585 turns).

IdlyInterested the Slicer (Demonspawn Fighter)      Turns: 8585, Time: 00:43:58

Health: -3/81      AC: 17    Str: 20    XL:     11   Next: 42%
Magic:  21/21      EV: 11    Int: 10    God:
Gold:   397        SH:  8    Dex: 18    Spells: 24/24 levels left

rFire   . . .        d - +4 dagger
rCold   + . .        i - +2 buckler
rNeg    + . .        Y - +4 scale mail
rPois   .            s - +1 helmet of Knowledge {Slay+4}
rElec   .            c - +0 cloak
rCorr   .            j - +0 pair of gloves
SInv    .            (no boots)
Will    .....        B - amulet of regeneration
Stlth   ++           K - +6 ring of dexterity
HPRegen 1.13/turn    C - ring of the Thoughtful Knives {rC+ rN+}
MPRegen 0.17/turn

%: no passive effects
@: no status effects
A: molten scales 1, spiny 1, demonic magic 2, weakness stinger 1
a: no special abilities


You were on level 9 of the Dungeon.
You visited 2 branches of the dungeon, and saw 10 of its levels.

You collected 546 gold pieces.
You spent 149 gold pieces at shops.

Inventory:

Hand Weapons
 a - a +0 rapier
 d - a +4 dagger (weapon)
 O - a +1 dagger of venom
 R - a +2 dagger of flaming
 T - a +2 vampiric dagger
Missiles
 f - 14 poisoned darts
 k - 65 stones (quivered)
 l - a curare-tipped dart
 z - 6 throwing nets
 H - 22 boomerangs
Armour
 c - a +0 cloak (worn)
 i - a +2 buckler (worn)
 j - a +0 pair of gloves (worn)
 s - the +1 helmet of Knowledge (worn) {Slay+4}
   (You found it on level 2 of the Dungeon)

   Slay+4:    It affects your accuracy & damage with ranged weapons and melee
   (+4).
 t - a +0 robe of resistance
 N - a +1 hat
 W - a +0 troll leather armour
 Y - a +4 scale mail (worn)
Magical Staves
 M - a staff of cold
Jewellery
 B - an amulet of regeneration (around neck)
 C - the ring of the Thoughtful Knives (right hand) {rC+ rN+}
   (You found it on level 9 of the Dungeon)

   [ring of protection from cold]

   rC+:       It protects you from cold.
   rN+:       It protects you from negative energy.
 K - a +6 ring of dexterity (left hand)
 L - a ring of poison resistance
Talismans
 I - a maw talisman
Wands
 m - a wand of charming (9)
 w - a wand of polymorph (6)
 x - a wand of acid (4)
 F - a wand of flame (34)
 J - a wand of iceblast (5)
 P - a wand of mindburst (16)
Scrolls
 e - 2 scrolls of revelation
 h - 3 scrolls of amnesia
 n - 2 scrolls of poison
 o - 3 scrolls of immolation
 r - 4 scrolls of teleportation
 u - a scroll of fog
 v - a scroll of enchant weapon
 y - 2 scrolls of enchant armour
 E - a scroll of fear
 G - 2 scrolls of torment
 V - a scroll of blinking
 Z - a scroll of vulnerability
Potions
 b - a potion of enlightenment {unknown}
 g - 2 potions of lignification
 p - 2 potions of heal wounds
 q - 3 potions of curing
 A - a potion of cancellation {unknown}
 D - 2 potions of might
 Q - a potion of brilliance
 S - a potion of experience {unknown}
 U - a potion of berserk rage {unknown}
 X - a potion of attraction {unknown}


   Skills:
 - Level 6.0 Fighting
 - Level 10.0 Short Blades
 - Level 3.0 Throwing
 - Level 3.0 Armour
 - Level 3.0 Dodging
 + Level 5.2 Stealth
 - Level 6.0 Shields
 - Level 3.0 Unarmed Combat
 * Level 7.3 Spellcasting
 - Level 3.0 Evocations
 - Level 3.0 Shapeshifting


You had 24 spell levels left.
You didn't know any spells.
Your spell library contained the following spells:

 Spells                   Type           Power      Damage    Failure   Level
 Slow                     Hex            12%        N/A       54%         1
 Confusing Touch          Hex            3%         N/A       88%         3
 Sigil of Binding         Hex            3%         N/A       88%         3
 Summon Ice Beast         Ice/Summ       3%         N/A       88%         3
 Vampiric Draining        Necr           3%         2d6       88%         3
 Summon Forest            Summ/Tloc      1%         N/A       100%        5
 Summon Mana Viper        Hex/Summ       3%         N/A       100%        5
 Eringya's Noxious Bog    Alch           1%         4d6       100%        6
 Monstrous Menagerie      Summ           1%         N/A       100%        7
 Summon Hydra             Summ           1%         N/A       100%        7


Dungeon Overview and Level Annotations

Branches:
Dungeon (9/15)             Temple (1/1) D:6            Lair (0/5) D:9
    Orc: D:9-12

Altars:
Ashenzari
Cheibriados
Dithmenos
Fedhas
Gozag
Hepliaklqana
Kikubaaqudgha
Makhleb
Nemelex Xobeh
Qazlal
Ru
Sif Muna
Uskayaw
Wu Jian
Xom

Shops:
D:5 ((*(=   D:6 *


Innate Abilities, Weirdness & Mutations

You are partially covered in molten scales. (AC +2)
You are partially covered in sharp spines.
Spells you cast may paralyse nearby enemies.
You have a small tail.


Message History

Your Stealth skill increases to level 5!
Your Spellcasting skill increases to level 7!
Unknown command.
You hit the hornet.
The hornet is moderately wounded.
You puncture the hornet!
The hornet is severely wounded.
The hornet is struck by your spines.
The hornet stings you but does no damage.
You puncture the hornet!
You kill the hornet!
Okay, then.
You start resting.
A five-headed hydra comes into view.
You barely miss the five-headed hydra. You tail-slap the five-headed hydra.
The five-headed hydra is lightly wounded.
You puncture the five-headed hydra!
The five-headed hydra is moderately wounded.
The five-headed hydra is struck by your spines.
The five-headed hydra bites you. x2
* * * LOW HITPOINT WARNING * * *
You block the five-headed hydra's attack.
The five-headed hydra bites you but does no damage.
The five-headed hydra bites you.
* * * LOW HITPOINT WARNING * * *
You hit the five-headed hydra. You tail-slap the five-headed hydra.
The five-headed hydra is heavily wounded.
You hit the five-headed hydra. You tail-slap the five-headed hydra!
The five-headed hydra is severely wounded.
You block the five-headed hydra's attack. x2
The five-headed hydra misses you.
The five-headed hydra bites you but does no damage. x2
You puncture the five-headed hydra! You tail-slap the five-headed hydra.
The five-headed hydra is almost dead.
The five-headed hydra closely misses you. x2
The five-headed hydra bites you!
* * * LOW HITPOINT WARNING * * *
The five-headed hydra barely misses you.
The five-headed hydra bites you!
You die...

.#.....#####)..#.#.#.#....)..
##....#....######|###.....).
##...#####.....#.#...##..##
####.....###############.##
#.........#..#=# ###.
#..#........###. #. #.
#........#.# #. ####...###.#
... #[..#@#.# #.#. #....#D#
...## ###..#.# #. #..### ....
..#... ..##.... ... #..#..
.... #......


You could see a five-headed hydra.

Vanquished Creatures
  A hydra (D:9)
  A two-headed ogre (D:9)
  A death yak (D:9)
  A manticore (D:9)
  Maurice (D:7)
  An unseen horror (D:8)
  Jeremiah (D:6)
  A komodo dragon (D:9)
  A troll (D:9)
  Prince Ribbit (D:8)
  A hornet (D:9)
  A wyvern (D:8)
  6 yaks
  4 steam dragons
  2 acid dragons (D:9)
  An acid dragon (shapeshifter) (D:9)
  3 water moccasins
  2 black bears
  2 orc warriors
  3 sky beasts
  2 ice beasts (D:5)
  2 ogres
  6 centaurs
  3 phantoms
  2 kobold brigands
  4 bullfrogs
  3 gnoll sergeants (D:7)
  A scorpion (D:4)
  8 wights
  A howler monkey (D:6)
  3 bombardier beetles
  11 hounds
  2 jellies
  7 orc priests
  2 gnoll boudas (D:7)
  3 iguanas
  3 sleepcaps
  14 orc wizards
  31 gnolls
  6 adders
  3 white imps
  An ufetubus (D:5)
  A ribbon worm (D:2)
  46 orcs
  8 bats
  8 endoplasms
  8 giant cockroaches
  7 hobgoblins
  13 jackals
  20 kobolds
  3 quokkas
  9 ball pythons
  6 frilled lizards
  7 goblins
  5 rats
294 creatures vanquished.

Vanquished Creatures (others)
  A black bear (D:6)
  A dart slug (D:7)
  An orc (D:6)
3 creatures vanquished.

Grand Total: 297 creatures vanquished

Notes
Turn   | Place    | Note
-------+----------+-------------------------------------------
     0 | D:1      | IdlyInterested the Demonspawn Fighter began the quest for
                  | the Orb.
     0 | D:1      | Reached XP level 1. HP: 18/18 MP: 1/1
    55 | D:1      | Reached skill level 2 in Short Blades
    60 | D:1      | Reached skill level 1 in Throwing
    78 | D:1      | Gained mutation: You are partially covered in sharp spines.
                  | [demonic ancestry]
    78 | D:1      | Reached XP level 2. HP: 14/24 MP: 2/2
   142 | D:1      | Found a faded altar of an unknown god.
   225 | D:1      | Reached skill level 1 in Dodging
   234 | D:1      | Reached skill level 1 in Stealth
   236 | D:1      | Gained mutation: You have a small tail. [demonic ancestry]
   236 | D:1      | Reached XP level 3. HP: 28/29 MP: 3/3
   283 | D:1      | Reached skill level 1 in Shapeshifting
   489 | D:1      | Reached skill level 1 in Evocations
   769 | D:2      | Reached skill level 1 in Unarmed Combat
   782 | D:2      | Reached XP level 4. HP: 35/35 MP: 4/4
  1298 | D:2      | Identified the +1 helmet of Knowledge {Slay+4}
  1843 | D:3      | Reached XP level 5. HP: 40/41 MP: 5/5
  2141 | D:3      | Found a sparkling altar of Nemelex Xobeh.
  2251 | D:3      | Found a burning altar of Makhleb.
  2436 | D:4      | Noticed an ogre
  2454 | D:4      | Killed an ogre
  2459 | D:4      | Reached XP level 6. HP: 41/48 MP: 6/6
  2527 | D:4      | Noticed a water moccasin
  2544 | D:4      | Killed a water moccasin
  2608 | D:4      | Reached XP level 7. HP: 54/54 MP: 7/7
  2944 | D:5      | Entered Level 5 of the Dungeon
  2976 | D:5      | Found Qodyn's Antique Weapon Emporium.
  3009 | D:5      | Found Esyil's Weapon Shoppe.
  3052 | D:5      | Found Suiripp's Assorted Antiques.
  3058 | D:5      | Bought a worn ivory wand for 104 gold pieces
  3058 | D:5      | Bought a scroll labelled TUREAPUPLE for 26 gold pieces
  3195 | D:5      | Reached skill level 5 in Shields
  3339 | D:5      | Gained mutation: You are partially covered in molten
                  | scales. (AC +2) [demonic ancestry]
  3339 | D:5      | Reached XP level 8. HP: 61/61 MP: 8/8
  3348 | D:5      | Reached skill level 5 in Fighting
  3647 | D:5      | Found Plog's Antique Weapon Shop.
  3700 | D:5      | Found Uxulu's Jewellery Shop.
  3988 | D:5      | Reached skill level 3 in Short Blades
  4060 | D:6      | Found Yprizxin's Assorted Antiques.
  4068 | D:6      | Bought an orange potion for 19 gold pieces
  4450 | D:6      | Gained mutation: Spells you cast may paralyse adjacent
                  | enemies. [demonic ancestry]
  4450 | D:6      | Reached XP level 9. HP: 69/69 MP: 9/9
  4623 | D:6      | Found a staircase to the Ecumenical Temple.
  4633 | Temple   | Entered the Ecumenical Temple
  4705 | D:6      | Reached skill level 1 in Spellcasting
  5206 | D:6      | Noticed Jeremiah
  5213 | D:6      | Reached skill level 4 in Short Blades
  5240 | D:6      | Killed Jeremiah
  5241 | D:6      | Reached skill level 5 in Short Blades
  5500 | D:7      | Reached skill level 6 in Short Blades
  5729 | D:7      | Gained mutation: Spells you cast may paralyse nearby
                  | enemies. [demonic ancestry]
  5729 | D:7      | Reached XP level 10. HP: 45/76 MP: 16/16
  5778 | D:7      | Found a snail-covered altar of Cheibriados.
  6001 | D:7      | Noticed Maurice
  6007 | D:7      | Maurice stole a +2 dagger of flaming
  6012 | D:7      | Reached skill level 7 in Short Blades
  6013 | D:7      | Killed Maurice
  6537 | D:8      | Found a shadowy altar of Dithmenos.
  6571 | D:8      | Found a broken altar of Ashenzari.
  6614 | D:8      | Reached skill level 5 in Spellcasting
  6657 | D:8      | Reached skill level 8 in Short Blades
  6854 | D:8      | Noticed Prince Ribbit
  6858 | D:8      | Killed Prince Ribbit
  7374 | D:8      | Found a sacrificial altar of Ru.
  7436 | D:8      | Found a shimmering blue altar of Sif Muna.
  8091 | D:9      | Reached skill level 9 in Short Blades
  8105 | D:9      | Noticed a death yak
  8106 | D:9      | Found a staircase to the Lair.
  8135 | D:9      | Killed a death yak
  8160 | D:9      | Reached XP level 11. HP: 30/81 MP: 20/20
  8271 | D:9      | Reached skill level 10 in Short Blades
  8379 | D:9      | Identified the ring of the Thoughtful Knives {rC+ rN+}
  8437 | D:9      | Noticed a two-headed ogre
  8451 | D:9      | Killed a two-headed ogre
  8557 | D:9      | Noticed a six-headed hydra
  8570 | D:9      | Killed a six-headed hydra
  8571 | D:9      | Reached skill level 5 in Stealth
  8580 | D:9      | Noticed a five-headed hydra
  8585 | D:9      | Slain by a five-headed hydra

Illustrated notes

Levels and vault maps discovered:
D:1:      minmay_arrival_solitary_statue, layout_basic,
          ebering_ecumenical_altar_ruins
D:2:      layout_basic
D:3:      layout_loops_ring, nemelex_diamond_rough_becter,
          general_overflow_altar, serial_aquarium, aquarium_bridge_square
          [aquarium_subvault_wall, aquarium_subvault_bridge,
          aquarium_subvault_window, aquarium_subvault_wall],
          aquarium_bridge_island_small [aquarium_subvault_small_open,
          aquarium_subvault_wall, aquarium_subvault_bridge,
          aquarium_subvault_wall, aquarium_subvault_bridge],
          aquarium_window_corner, aquarium_window_fake, aquarium_window_double,
          aquarium_window_corridor_3, aquarium_view_2f, aquarium_pool_four,
          st_stairs_8
D:4:      layout_rooms
D:5:      layout_loops_corners, serial_shops, shop, shop,
          nicolae_take_the_stairs, shop, nicolae_square_shop, minmay_circle_x
D:6:      kennysheep_big_flooded_room, layout_layer_cave,
          minmay_temple_entry_drinking_statues, amethyst_killhole,
          minmay_shop_grid_forest, uniq_jeremiah
D:7:      layout_cave_pools, kennysheep_slug_shrine, serial_gnoll_camp,
          gnoll_camp_mini_loothouse, gnoll_camp_mini_basic, gnoll_camp_mini_hut,
          gnoll_camp_medium_01, gnoll_camp_medium_02, gnoll_camp_mini_doghouse,
          chequers_serial_rivers_micro_e, uniq_maurice
D:8:      cheibrodos_barr_body, layout_loops_corners, grunt_dithmenos_smoke,
          mainiacjoe_overflow_two_lobes, ashenzari_conservatory_becter,
          uniq_prince_ribbit1
D:9:      minmay_chopped_fan, layout_cave_pools, okawaru_ov_weapons_minmay,
          mainiacjoe_overflow_alcove_2, nicolae_overflow_hidden_temple,
          dpeg_lair_monsters, hex_tiny
Temple:   hellmonk_temple_micro_hex

Skill      XL: |  1  2  3  4  5  6  7  8  9 10 11 |
---------------+----------------------------------+-----
Short Blades   | 2 3 6 9 10 | 10.0
Throwing       | 1 2 3 |  3.0
Armour         | 3 |  3.0
Dodging        | 1 2 3 |  3.0
Stealth        | 1 2 3 5 |  5.2
Shapeshifting  | 1 2 3 |  3.0
Evocations     | 1 2 3 |  3.0
Unarmed Combat | 1 2 3 |  3.0
Shields        | 3 4 6 |  6.0
Fighting       | 4 6 |  6.0
Spellcasting   | 4 6 7 |  7.3

Action                     |  1- 3 |  4- 6 |  7- 9 | 10-12 || total
---------------------------+-------+-------+-------+-------++-------
  Melee: Rapier            |    73 |    62 |       |       ||   135
         Tailslap          |     4 |    11 |    62 |    80 ||   157
         Dagger            |       |    41 |   326 |   408 ||   775
  Throw: Stone             |       |     5 |    17 |    21 ||    43
         Dart              |       |       |     3 |       ||     3
  Evoke: Wand              |       |       |     8 |     2 ||    10
    Use: Scroll            |     1 |     6 |     2 |     3 ||    12
         Potion            |     1 |     4 |     3 |     4 ||    12
   Stab: Sleeping          |       |       |       |     2 ||     2
 Armour: Scale mail        |    47 |    34 |       |   117 ||   198
         Chain mail        |       |    20 |    97 |       ||   117
         Plate armour      |       |       |   149 |    51 ||   200
         Robe              |       |       |       |    99 ||    99
  Dodge: Dodged            |    30 |    30 |   103 |   179 ||   342
  Block: Buckler           |    16 |    19 |   110 |   143 ||   288

Table legend: (Time is in decaauts)
 A = Elapsed time spent in this place.
 B = Non-inter-level travel time spent in this place.
 C = Inter-level travel time spent in this place.
 D = Time resting spent in this place.
 E = Time spent auto-exploring this place.
 F = Levels seen in this place.
 G = Mean time per level.
                   A        B        C        D        E       F      G
               +--------+--------+--------+--------+--------+-----+--------+
         Total |   8388 |   7513 |    875 |    409 |   4681 |  10 |  838.8 |
       Dungeon |   8386 |   7511 |    875 |    409 |   4681 |   9 |  931.8 |
        Temple |      1 |      1 |      0 |      0 |      0 |   1 |    1.0 |
               +--------+--------+--------+--------+--------+-----+--------+

Top non-repeatable levels by time:
     D:8: 1389 daAuts
     D:6: 1346 daAuts
     D:7: 1224 daAuts
     D:5: 971 daAuts
     D:2: 906 daAuts
     D:3: 857 daAuts
     D:1: 689 daAuts
     D:4: 528 daAuts
     D:9: 474 daAuts
  Temple: 1 daAuts
